AoeStats
← TENTFS_JuanGar

Arena

508567969Analyzed
4v4 RM · 11d ago on Sep 23, 2026· 42m 40s· 8 players
Game mode
Random Map
Map size
Large (8 player)
Population
200
Speed
Normal
Resources
Standard
Victory
Conquest
Starting age
Dark Age
Ending age
Imperial Age
RankedLock teamsTeams togetherTeam positionsShared explorationLock speedFull tech treeHidden civsTurbo modeCheats
Victory
Defeat
🇲🇽 Danes · Mexico
1511
+8
🇲🇽 Saxons · Mexico
1358
+14
🇨🇴 Italians · Colombia
1343
+15
🇲🇽 Varangians · Mexico
1320
+16
🇵🇪 Danes · Peru
1368
-15
🇦🇺 Varangians · Australia
1345
-14
🇲🇽 Khmer · Mexico
1286
-12
🇲🇽 Celts · Mexico
1286
-12
:) Onta Roncha Moras
10:33 Feudal Age
14:25 Castle Age
12:32 Double-Bit Axe
15:40 Bow Saw
16:04 Loom
33:17 Pikeman
33:24 Pikeman
34:06 Scale Mail Armor
38:56 Gold Mining
40:29 Wheelbarrow
42:12 Chain Mail Armor
42:00 Squires
42:33 Forging
:) YO30830
10:16 Feudal Age
12:50 Double-Bit Axe
15:57 Castle Age
16:26 Horse Collar
17:23 Bow Saw
23:00 Bloodlines
26:08 Scale Barding Armor
26:14 Forging
31:02 Chain Barding Armor
31:18 Iron Casting
31:20 Husbandry
35:03 Wheelbarrow
34:13 Loom
34:29 Vendel Legacy
42:05 Imperial Age
42:13 Cavalier
43:37 Plate Barding Armor
jomanuel28
10:08 Feudal Age
11:57 Loom
14:57 Castle Age
12:47 Double-Bit Axe
12:53 Horse Collar
15:40 Gold Mining
19:49 Fletching
24:43 Imperial Age
23:02 Bodkin Arrow
25:35 Bracer
27:15 Ballistics
28:33 Chemistry
28:24 Wheelbarrow
34:33 Padded Archer Armor
34:58 Conscription
35:45 Hand Cart
34:54 Elite Genoese Crossbowman
41:07 Treadmill Crane
41:37 Masonry
41:26 Town Watch
:) Tu tu ruuuu
10:58 Feudal Age
11:26 Loom
15:07 Castle Age
12:56 Double-Bit Axe
13:27 Horse Collar
13:40 Gold Mining
16:16 Squires
17:20 Wheelbarrow
23:38 Scale Mail Armor
28:28 Clerical Recruitment
30:07 Arson
31:48 Heavy Plow
33:18 Chain Mail Armor
33:13 Forging
33:20 Redemption
33:28 Gambesons
37:36 Imperial Age
36:41 Iron Casting
36:09 Fletching
37:48 Bow Saw
38:08 Bodkin Arrow
37:49 Elite Varangian Guard
39:21 Plate Mail Armor
39:26 Shield Wall
40:31 Conscription
40:41 Hand Cart
41:56 Gold Shaft Mining
TENTFS_JuanGar
4:52 Loom
11:09 Feudal Age
14:53 Castle Age
12:50 Double-Bit Axe
14:22 Gold Mining
30:24 Wheelbarrow
34:19 Town Watch
Srta Nesbit
11:37 Feudal Age
14:23 Castle Age
12:27 Double-Bit Axe
13:10 Horse Collar
16:22 Bloodlines
16:51 Scale Barding Armor
20:03 Forging
20:38 Stone Mining
20:38 Gold Mining
24:43 Heavy Plow
25:39 Stone Mining
26:26 Gold Shaft Mining
27:55 Chain Barding Armor
33:52 Wheelbarrow
35:26 Iron Casting
34:55 Stone Mining
37:26 Light Cavalry
38:07 Husbandry
39:47 Loom
40:20 Hand Cart
43:02 Imperial Age
ObelusCipher
10:45 Feudal Age
14:45 Castle Age
13:06 Double-Bit Axe
20:02 Loom
22:33 Wheelbarrow
23:00 Bow Saw
28:45 Imperial Age
28:47 Forging
28:43 Scale Barding Armor
30:16 Iron Casting
29:22 Elite Jarl
32:29 Blast Furnace
31:49 Chain Barding Armor
31:45 Gold Mining
32:38 Scale Mail Armor
33:27 Padded Archer Armor
33:43 Fletching
34:59 Two-Man Saw
34:25 Ballistics
35:07 Chemistry
35:00 Conscription
34:05 Elite Skirmisher
36:01 Chemistry
35:39 Plate Barding Armor
35:20 Leather Archer Armor
35:34 Bodkin Arrow
37:39 Stone Mining
38:38 Ring Archer Armor
40:28 Bracer
LE | Andreu
10:32 Feudal Age
14:12 Castle Age
12:36 Stone Mining
13:12 Loom
13:46 Scale Mail Armor
15:37 Town Watch
16:18 Gold Mining
23:05 Double-Bit Axe
29:15 Fletching
29:28 Padded Archer Armor
32:57 Bodkin Arrow
33:20 Leather Archer Armor
36:18 Wheelbarrow
35:56 Bow Saw
37:42 Hand Cart
Connection lost

Rejoining the realm…

Still unreachable

The connection could not be restored.

Session expired

The server has moved on; the page needs a fresh start.